 Dungeon Crawl Stone Soup version 0.29.1-15-g9cfb28693d (webtiles) character file.

Game seed: 15891122807687415574

84 ThatPearl the Trooper (level 4, -1/37 HPs)
             Began as a Demonspawn Fighter on Mar 11, 2023.
             Slain by an orc
             ... wielding a +0 trident
              (7 damage)
             ... on level 3 of the Dungeon.
             The game lasted 00:02:47 (2403 turns).

ThatPearl the Trooper (Demonspawn Fighter)          Turns: 2403, Time: 00:02:47

Health: -1/37      AC: 10    Str: 19    XL:     4   Next: 24%
Magic:  4/4        EV:  9    Int:  9    God:
Gold:   62         SH:  4    Dex: 12    Spells: 3/3 levels left

rFire   . . .      SeeInvis .   a - +0 war axe
rCold   . . .      Faith    .   c - +0 buckler
rNeg    . . .      Spirit   .   b - +0 scale mail
rPois   .          Reflect  .   (no helmet)
rElec   .          Harm     .   (no cloak)
rCorr   .          Rampage  .   (no gloves)
Will    .....                   f - +0 pair of boots
Stlth   ..........              (no amulet)
HPRegen 0.12/turn               (no ring)
MPRegen 0.09/turn               (no ring)

@: no status effects
A: yellow scales 2
a: no special abilities


You were on level 3 of the Dungeon.
You visited 1 branch of the dungeon, and saw 3 of its levels.

You collected 62 gold pieces.

Inventory:

Hand Weapons
 a - a +0 war axe (weapon)
Missiles
 j - a throwing net (quivered)
Armour
 b - a +0 scale mail (worn)
 c - a +0 buckler (worn)
 f - a +0 pair of boots (worn)
Scrolls
 g - 2 scrolls of teleportation {unknown}
 k - a scroll of magic mapping {unknown}
 l - 3 scrolls of poison {unknown}
 m - a scroll of blinking {unknown}
 n - a scroll of vulnerability {unknown}
 o - 2 scrolls of immolation {unknown}
 p - a scroll of torment {unknown}
Potions
 d - a potion of might
 e - 3 potions of attraction {unknown}
 h - a potion of heal wounds {unknown}
 i - a potion of berserk rage {unknown}


   Skills:
 + Level 4.1 Fighting
 + Level 3.1 Axes
 - Level 2.6 Armour
 - Level 2.7 Shields


You had 3 spell levels left.
You didn't know any spells.
Your spell library was empty.

Dungeon Overview and Level Annotations

Branches:
Dungeon (3/15)

Altars:
Trog


Innate Abilities, Weirdness & Mutations

You are mostly covered in yellow scales. (AC +3)


Message History

You kill the kobold!
You slash the orc!
You kill the orc!
The orc hits you but does no damage. The orc hits you but does no damage.
The orc closely misses you.
The orc wizard gestures wildly while chanting.
The orc wizard flickers and vanishes!
Deactivating autopickup; reactivate with Ctrl-A.
Things that are here:
a +0 flail; a +0 leather armour; an orc corpse You barely miss the orc.
You hit the orc. The orc barely misses you. The orc closely misses you.
The orc hits you with a +0 trident.
You closely miss something. You closely miss the orc. x2
The orc barely misses you. The orc closely misses you. Something hits you.
You miss something. You barely miss the orc. You closely miss the orc.
The orc closely misses you. You block the orc's attack.
Something hits you but does no damage. You block something's attack.
The orc hits you but does no damage. The orc hits you with a +0 trident.
You barely miss something. You completely miss the orc.
You barely miss the orc. The orc hits you with a +0 trident.
The orc hits you but does no damage. Something hits you but does no damage.
You miss something. You barely miss the orc. You closely miss the orc.
The orc hits you with a +0 trident. Something completely misses you.
The orc hits you with a +0 club.
You miss something. You hit the orc. You closely miss the orc.
You block the orc's attack. The orc hits you but does no damage.
Something hits you but does no damage. The orc hits you with a +0 club.
The orc hits you but does no damage.
You hear some strange, mumbled words.
A magic dart appears from out of thin air!
The magic dart hits you.
* * * LOW HITPOINT WARNING * * *
You hit the orc.
You kill the orc!
You closely miss something. You closely miss the orc.
The orc hits you with a +0 trident.
* * * LOW HITPOINT WARNING * * *
Something hits you but does no damage. The orc hits you with a +0 trident!
You die...

~~P~.. ~PP.~..~~~ .. .#
~~P...~PP~ . .#
~~~~..~~~~ .#.#
#~~...~~♣ # ...#
..♣♣..~♣♣# #. #..###
###...~♣.# #.##....#
......♣~.####..o{...###
#..........####)@.....#
##......##.....)........
##.##.########.......##
####.# ###...### #.#
...# #.# ....$ ...
#...#. ... ##.# ###


You could see an orc.

Vanquished Creatures
  A gnoll (D:1)
  2 adders (D:2)
  2 orcs (D:3)
  3 bats
  7 endoplasms
  2 giant cockroaches (D:3)
  6 goblins
  4 hobgoblins
  5 kobolds
  6 quokkas
  2 ball pythons
  3 frilled lizards
  6 rats
49 creatures vanquished.

Vanquished Creatures (others)
  8 plants (D:3)
8 creatures vanquished.

Grand Total: 57 creatures vanquished

Notes
Turn   | Place    | Note
-------+----------+-------------------------------------------
     0 | D:1      | ThatPearl the Demonspawn Fighter began the quest for the
                  | Orb.
     0 | D:1      | Reached XP level 1. HP: 18/18 MP: 1/1
   300 | D:1      | Gained mutation: You are partially covered in yellow
                  | scales. (AC +2) [demonic ancestry]
   300 | D:1      | Reached XP level 2. HP: 19/24 MP: 2/2
   792 | D:1      | Gained mutation: You are mostly covered in yellow scales.
                  | (AC +3) [demonic ancestry]
   792 | D:1      | Reached XP level 3. HP: 17/29 MP: 3/3
  1791 | D:2      | Reached skill level 4 in Fighting
  1882 | D:2      | Reached XP level 4. HP: 37/37 MP: 4/4
  1965 | D:2      | Found a bloodstained altar of Trog.
  2403 | D:3      | Slain by an orc

Illustrated notes

Levels and vault maps discovered:
D:1:      minmay_arrival_split_and_join, layout_loops_ring
D:2:      layout_basic, basic_altar, minmay_fractal_squares_5
D:3:      layout_loops_cross, nicolae_uskayaw_murder_on_the_dancefloor,
          serial_bayou, serial_bayou_pond_c, serial_bayou_lake_a,
          serial_bayou_pond_c, serial_bayou_ford_a, kennysheep_generic_room_7

Skill      XL: |  1  2  3 |
---------------+----------+-----
Axes           | 2 3 |  3.1
Fighting       | 4 |  4.1
Armour         | |  2.6
Shields        | |  2.7

Action                   |  1- 3 |  4- 6 || total
-------------------------+-------+-------++-------
Melee: War axe           |   111 |    35 ||   146
Armor: Scale mail        |    69 |    24 ||    93
Dodge: Dodged            |    54 |    24 ||    78
Block: Buckler           |    19 |     6 ||    25
